 Dungeon Crawl Stone Soup version 0.29-a0-359-g541a27f54d (webtiles) character file.

Game seed: 12557360467506108273

335 zeratav the Archer (level 6, -4/35 HPs)
             Began as a Tengu Hunter on Apr 27, 2022.
             Slain by Pikel
             ... wielding a +1 whip of flaming
              (10 damage)
             ... on level 4 of the Dungeon.
             The game lasted 00:04:11 (2220 turns).

zeratav the Archer (Tengu Hunter)                   Turns: 2220, Time: 00:04:12

Health: -4/35      AC:  3    Str: 12    XL:     6   Next: 53%
Magic:  7/7        EV: 14    Int:  9    God:
Gold:   111        SH:  0    Dex: 19    Spells: 5/5 levels left

rFire   + . .      SeeInvis .   a - +1 shortbow {bow}
rCold   . . .      Faith    .   (shield currently unavailable)
rNeg    . . .      Spirit   .   b - +0 leather armour
rPois   .          Reflect  .   (helmet restricted)
rElec   .          Harm     .   (no cloak)
rCorr   .          Rampage  .   (no gloves)
Will    +....                   (boots unavailable)
Stlth   ++........              (no amulet)
HPRegen 0.11/turn               i - ring of willpower
MPRegen 0.10/turn               x - ring of protection from fire

@: flying quickly and evasively, quick
A: beak, talons 3, nimble flight
a: no special abilities


You were on level 4 of the Dungeon.
You visited 1 branch of the dungeon, and saw 4 of its levels.

You collected 111 gold pieces.


Innate Abilities, Weirdness & Mutations

You have a beak for a mouth.
You have claws for feet.
Your magical nature lets you fly swiftly and evasively.


   Skills:
 - Level 2.0 Fighting
 + Level 8.4 Bows
 - Level 2.1 Dodging
 - Level 1.0 Stealth


You had 5 spell levels left.
You didn't know any spells.
Your spell library contained the following spells:

 Spells                   Type           Power      Damage    Failure   Level
 Sandblast                Erth           0%         2d4       45%         1
 Blink                    Tloc           0%         N/A       61%         2
 Passwall                 Tmut/Erth      0%         N/A       61%         2
 Lesser Beckoning         Tloc           0%         N/A       83%         3
 Stone Arrow              Conj/Erth      0%         3d7       83%         3
 Manifold Assault         Tloc           0%         N/A       100%        5
 Storm Form               Tmut/Air       0%         N/A       100%        7

Inventory:

Hand Weapons
 a - a +1 shortbow (weapon) {bow}
 d - the +8 scythe "Kitholl" {drain, rN+, polearm}
   (You found it on level 4 of the Dungeon)

   A truly terrible weapon, it drains the life of any living foe it strikes.
   rN:        It protects you from negative energy.
 p - the +6 hand axe of the Grinning Gods {flame, Contam rElec rN+ Will++, axe}
   (You found it on level 2 of the Dungeon)

   It burns those it strikes, dealing additional fire damage.
   Big, fiery blades are also staple armaments of hydra-hunters.
   rElec:     It insulates you from electricity.
   rN:        It protects you from negative energy.
   Contam:    It causes magical contamination when unequipped.
   Will:      It greatly increases your willpower.
 A - the +7 spear "Miygioc" {holy, +Blink rC+ Int-2 Dex+4, polearm}
   (You found it on level 3 of the Dungeon)

   It has been blessed by the Shining One to cause great damage to the undead
   and demons.
   Int:       It affects your intelligence (-2).
   Dex:       It affects your dexterity (+4).
   rC:        It protects you from cold.
   +Blink:    It lets you blink.
Armour
 b - a +0 leather armour (worn)
 y - the +3 kite shield of the Fletcher {Int+2}
   (You found it on level 3 of the Dungeon)

   Int:       It affects your intelligence (+2).
Jewellery
 i - a ring of willpower (left hand)
   (You found it on level 1 of the Dungeon)
 x - a ring of protection from fire (right hand)
   (You found it on level 2 of the Dungeon)
Scrolls
 c - a scroll of immolation {!r!r}
 g - a scroll of enchant armour {unknown}
 h - 2 scrolls of holy word {unknown}
 l - a scroll of amnesia {unknown}
 m - a scroll of enchant weapon {unknown}
 s - 2 scrolls of identify {unknown}
 v - a scroll of summoning {unknown}
 B - a scroll of vulnerability {unknown}
 C - a scroll of teleportation {unknown}
Potions
 f - a potion of lignification {unknown}
 j - 3 potions of curing {unknown}
 k - 2 potions of heal wounds {unknown}
 n - a potion of flight {unknown}
 r - a potion of cancellation {unknown}
 t - 2 potions of degeneration {unknown}
 u - a potion of might {unknown}
 z - 3 potions of brilliance {unknown}
 E - a potion of mutation {unknown}

Dungeon Overview and Level Annotations

Branches:
Dungeon (4/15)
 Temple: D:4-7

Altars:
Qazlal

Annotations:
D:4 Pikel

#.####.#.........####.#
...###.#.######..###
#..................#
#.##.....######..#.# #
..###....######..#.# .#
#......#.........#.##.#
######.########......)#
#.# ###.#.### #+#
#@###.# ##K#.## ##55##
#.#5## #
#.###5#####.... ..#
##......... #.#
##.###...# ## .## # K#


You could see Pikel and 4 lemures.


Message History

There is an open door here.
You pick up a book of Spatial Translocations and begin reading...
You add the spell Lesser Beckoning to your library.
HP[+6]
Your hp is fully restored (35).
j - 3 yellow potions (gained 1)
There is an escape hatch in the floor here.
d - the +8 scythe "Kitholl" {drain, rN+, polearm} You now have 111 gold pieces (gained 16). 2 lemures come into view.
The lemure shouts!
You hear a shout! x2
You shoot an arrow.
The arrow hits the lemure but does no damage.
You shoot an arrow. The arrow hits the lemure.
You shoot an arrow. The arrow hits the lemure.
Pikel, Merchant of Souls comes into view.
He is wielding a +1 whip of flaming and wearing a +2 robe of resistance.
The lemure closely misses you.
Shoot: a) +1 shortbow {bow}
Press: ? - help, Q - select action Shift-Dir - straight line, f/p - lemure
Aim: a lemure (lightly wounded, 61% to hit)
You shoot an arrow. The arrow hits the lemure.
A lemure comes into view.
You shoot an arrow.
The arrow hits the lemure but does no damage.
The lemure barely misses you.
You shoot an arrow. The arrow closely misses the lemure.
The arrow hits Pikel.
You shoot an arrow. The arrow hits Pikel!
A lemure comes into view.
Pikel closely misses you.
You shoot an arrow. The arrow barely misses Pikel.
The arrow hits the lemure.
Pikel closely misses you.
You shoot an arrow. The arrow closely misses Pikel.
The arrow hits the lemure but does no damage.
Pikel hits you with a +1 whip of flaming.
Pikel burns you.
HP[-5]
You take 5 damage, and now have 30/35 hp.
Pikel says, "I'm sure the Orcish Mines are around here somewhere..."
Shoot: a) +1 shortbow {bow}
Press: ? - help, Q - select action Shift-Dir - straight line, f/p - Pikel
Aim: Pikel, wielding a +1 whip of flaming and wearing a +2 robe of resistance (heavily wounded, 61% to hit)
You shoot an arrow. The arrow barely misses Pikel.
Pikel barely misses you.
Shoot: a) +1 shortbow {bow}
Press: ? - help, Q - select action Shift-Dir - straight line, f/p - Pikel
Aim: Pikel, wielding a +1 whip of flaming and wearing a +2 robe of resistance (heavily wounded, 61% to hit)
You shoot an arrow. The arrow hits Pikel.
Pikel closely misses you.
Shoot: a) +1 shortbow {bow}
Press: ? - help, Q - select action Shift-Dir - straight line, f/p - Pikel
Aim: Pikel, wielding a +1 whip of flaming and wearing a +2 robe of resistance (heavily wounded, 61% to hit)
You shoot an arrow. The arrow barely misses Pikel.
The arrow barely misses the lemure.
Pikel hits you with a +1 whip of flaming!
Pikel burns you.
Shoot: a) +1 shortbow {bow}
Press: ? - help, Q - select action Shift-Dir - straight line, f/p - Pikel
Aim: Pikel, wielding a +1 whip of flaming and wearing a +2 robe of resistance (heavily wounded, 61% to hit)
You shoot an arrow.
The arrow hits Pikel but does no damage.
Pikel hits you with a +1 whip of flaming.
HP[-12]
You take 12 damage, and now have 18/35 hp.
MASSIVE DAMAGE!! (PAUSE) Shoot: a) +1 shortbow {bow}
Press: ? - help, Q - select action Shift-Dir - straight line, f/p - Pikel
Aim: Pikel, wielding a +1 whip of flaming and wearing a +2 robe of resistance (heavily wounded, 61% to hit)
You shoot an arrow. The arrow hits Pikel.
Pikel hits you with a +1 whip of flaming.
* * * LOW HITPOINT WARNING * * *
Shoot: a) +1 shortbow {bow}
Press: ? - help, Q - select action Shift-Dir - straight line, f/p - Pikel
Aim: Pikel, wielding a +1 whip of flaming and wearing a +2 robe of resistance (heavily wounded, 61% to hit)
You shoot an arrow.
The arrow hits Pikel but does no damage.
Pikel hits you with a +1 whip of flaming!
* * * LOW HITPOINT WARNING * * *
Pikel burns you.
* * * LOW HITPOINT WARNING * * *
Shoot: a) +1 shortbow {bow}
Press: ? - help, Q - select action Shift-Dir - straight line, f/p - Pikel
Aim: Pikel, wielding a +1 whip of flaming and wearing a +2 robe of resistance (heavily wounded, 61% to hit)
You shoot an arrow.
The arrow hits Pikel but does no damage.
Pikel closely misses you.
Shoot: a) +1 shortbow {bow}
Press: ? - help, Q - select action Shift-Dir - straight line, f/p - Pikel
Aim: Pikel, wielding a +1 whip of flaming and wearing a +2 robe of resistance (heavily wounded, 61% to hit)
You shoot an arrow. The arrow hits Pikel!
Pikel closely misses you.
HP[-12]
You take 12 damage, and now have 6/35 hp.
MASSIVE DAMAGE!! (PAUSE) Shoot: a) +1 shortbow {bow}
Press: ? - help, Q - select action Shift-Dir - straight line, f/p - Pikel
Aim: Pikel, wielding a +1 whip of flaming and wearing a +2 robe of resistance (almost dead, 61% to hit)
You shoot an arrow. The arrow barely misses Pikel.
The arrow barely misses the lemure.
Pikel hits you with a +1 whip of flaming!
You die...

Skill      XL: |  1  2  3  4  5  6 |
---------------+-------------------+-----
Bows           | 5 7 8 |  8.4
Fighting       | |  2.0
Dodging        | |  2.1
Stealth        | |  1.0

Action                   |  1- 3 |  4- 6 || total
-------------------------+-------+-------++-------
 Fire: Shortbow          |    80 |   103 ||   183
Armor: Leather armour    |     6 |     6 ||    12
Dodge: Dodged            |    27 |    17 ||    44

Levels and vault maps discovered:
D:1:      dpeg_arrival_stone_temple_mockup, layout_loops_ring,
          hellmonk_ecumenical_altar_pennies_from_heaven
D:2:      layout_rooms, minmay_pentomino_v2, uniq_sigmund
D:3:      layout_rooms, grunt_qazlal_clouds
D:4:      layout_loops_corners, minmay_crystal_water, uniq_pikel

Notes
Turn   | Place    | Note
-------+----------+-------------------------------------------
     0 | D:1      | zeratav the Tengu Hunter began the quest for the Orb.
     0 | D:1      | Reached XP level 1. HP: 12/12 MP: 2/2
     0 | D:1      | magus.rc [v1.9.6]
    40 | D:1      | HP: 3/12 [constriction (1)]
   307 | D:1      | Reached XP level 2. HP: 17/17 MP: 3/3
   367 | D:1      | Reached skill level 5 in Bows
   396 | D:1      | Found a faded altar of an unknown god.
   474 | D:1      | You pick up a book of Geomancy and begin reading...
   474 | D:1      | You add the spells Sandblast, Passwall and Stone Arrow to
                  | your library.
   647 | D:1      | Reached XP level 3. HP: 21/21 MP: 4/4
  1003 | D:2      | Identified the +6 hand axe of the Grinning Gods {flame,
                  | Contam rElec rN+ Will++}
  1024 | D:2      | Noticed Sigmund
  1029 | D:2      | Killed Sigmund
  1030 | D:2      | Reached skill level 7 in Bows
  1030 | D:2      | Reached XP level 4. HP: 26/26 MP: 5/5
  1030 | D:2      | Gained mutation: Your magical nature lets you fly swiftly
                  | and evasively. [Tengu growth]
  1030 | D:2      | Reached XP level 5. HP: 30/30 MP: 6/6
  1431 | D:3      | Reached XP level 6. HP: 35/35 MP: 7/7
  1524 | D:3      | Identified the +3 kite shield of the Fletcher {Int+2}
  1527 | D:3      | Identified the +7 spear "Miygioc" {holy, +Blink rC+ Int-2
                  | Dex+4}
  1539 | D:3      | Found a stormy altar of Qazlal.
  1642 | D:3      | Reached skill level 8 in Bows
  1867 | D:3      | You add the spells Blink, Manifold Assault and Storm Form
                  | to your library.
  2091 | D:4      | You pick up a book of Spatial Translocations and begin
                  | reading...
  2147 | D:4      | Identified the +8 scythe "Kitholl" {drain, rN+}
  2199 | D:4      | Noticed Pikel
  2217 | D:4      | HP: 7/35 [Pikel/+1 whip of flaming (7)]
  2220 | D:4      | Slain by Pikel

Vanquished Creatures
  Sigmund (D:2)
  A necrophage (D:4)
  A jelly (D:3)
  An adder (D:2)
  A dart slug (D:3)
  4 orcs (D:3)
  7 ball pythons
  10 endoplasms
  7 hobgoblins
  3 jackals (D:1)
  3 quokkas
  5 bats
  A frilled lizard (D:1)
  5 goblins
  10 kobolds
  12 rats
72 creatures vanquished.

Table legend:
 A = Non-vault XP
 B = Vault XP
 C = Vault XP percentage of total XP
 D = Non-vault monster count
 E = Vault monster count
 F = Vault count percentage of total count
                 A         B        C        D         E       F
            +---------+---------+-------+---------+---------+-------
      Total |     252 |     227 |  47.4 |      70 |       2 |   2.8
            +---------+---------+-------+---------+---------+-------
        D:1 |      43 |       0 |   0.0 |      25 |       0 |   0.0
        D:2 |      48 |     227 |  82.5 |      24 |       2 |   7.7
        D:3 |      80 |       0 |   0.0 |      20 |       0 |   0.0
        D:4 |      81 |       0 |   0.0 |       1 |       0 |   0.0
            +---------+---------+-------+---------+---------+-------

Illustrated notes

Table legend:
 A = Kills in this place as a percentage of kills in entire the game.
 B = Kills by you in this place as a percentage of kills by you in the entire game.
 C = Kills by friends in this place as a percentage of kills by friends in the entire game.
 D = Other kills in this place as a percentage of other kills in the entire game.
 E = Experience gained in this place as a percentage of experience gained in the entire game.
 F = Experience gained in this place divided by the number of levels of this place that you have seen.
                   A       B       C       D       E      F
               +-------+-------+-------+-------+-------+----------------------
         Total | 100.0 | 100.0 |   N/A |   N/A | 100.0 | 119.8
       Dungeon | 100.0 | 100.0 |   N/A |   N/A | 100.0 | 119.8
               +-------+-------+-------+-------+-------+----------------------

Table legend: (Time is in decaauts)
 A = Elapsed time spent in this place.
 B = Non-inter-level travel time spent in this place.
 C = Inter-level travel time spent in this place.
 D = Time resting spent in this place.
 E = Time spent auto-exploring this place.
 F = Levels seen in this place.
 G = Mean time per level.
                   A        B        C        D        E       F      G
               +--------+--------+--------+--------+--------+-----+--------+
         Total |   2163 |   2031 |    132 |      0 |   1681 |   4 |  540.8 |
       Dungeon |   2163 |   2031 |    132 |      0 |   1681 |   4 |  540.8 |
               +--------+--------+--------+--------+--------+-----+--------+

Top non-repeatable levels by time:
     D:1: 875 daAuts
     D:2: 616 daAuts
     D:3: 438 daAuts
     D:4: 232 daAuts
